[Event "*** MasterClass Titled Tuesday Blitz"]
[Site "Chess.com"]
[Date "2017.07.04"]
[Round "3"]
[White "peteseeger"]
[Black "1e41-0"]
[Result "0-1"]
[WhiteElo "2133"]
[BlackElo "2298"]
[TimeControl "180+2"]
[EndTime "13:37:21 PDT"]
[Termination "1e41-0 won by resignation"]

1. e4 e6 2. b3 c5 3. Bb2 Nc6 4.
Nf3 a6 5. c4 Qc7 6. Be2 d6 7. O-O Nf6 8. Nc3 Be7 9. d4 cxd4 10.
Nxd4 b6 11. Qd2 Bb7 12. f3 O-O 13. Kh1 Rac8 14. Rae1 Rfe8 15. Nxc6 Bxc6 16. Bd3 Nd7 17. f4 Bf6 18. Qe2 Ba8 19. Qh5 Nc5 20. Bb1 g6 21.
Qh3 Qb7 22. Re2 b5 23. cxb5 axb5 24. b4 Nd7 25. e5 dxe5 26. Be4 Qb8 27. Bxa8 Qxa8 28.
Ne4 Bg7 29. Nd6 Qxa2 30. fxe5 Nxe5 31. Nxe8 Rxe8 32. Qc3 Qc4 33. Rfe1 Qxc3 34. Bxc3 Nd3 35. Bxg7 Nxe1 36. Bf6 Nd3 37. Rd2 Nxb4 38. Rb2 Nd5 39. Be5 b4 0-1

[Event "*** MasterClass Titled Tuesday Blitz"]
[Site "Chess.com"]
[Date "2017.07.04"]
[Round "3"]
[White "jeaston1"]
[Black "playablecharacter"]
[Result "0-1"]
[WhiteElo "2036"]
[BlackElo "2001"]
[TimeControl "180+2"]
[EndTime "13:37:21 PDT"]
[Termination "playablecharacter won by resignation"]

1. d4 f5 2. c4 Nf6 3. g3 g6 4.
Bg2 Bg7 5. Nf3 O-O 6. O-O d6 7. Nc3 Nc6 8. Re1 e5 9. dxe5 Nxe5 10.
Nxe5 dxe5 11. Qxd8 Rxd8 12. Bg5 c6 13. e4 h6 14. Be3 Ng4 15. Bc5 Be6 16. b3 f4 17. Bh3 Rd3 18. Ne2 f3 19. Nc1 Rd2 20. Bb4 Rd7 21. a4 Rad8 22. Na2 Kf7 23. Bc3 Rd3 24. Bf1 R3d7 25. h3 Nf6 26. Bxe5 b6 27. Nc3 Ke7 28. Rad1 Rxd1 29. Rxd1 Re8 30. Bd6+ Kf7 31.
Bf4 Nd7 32. Nb1 Nc5 33. Nd2 g5 34. Be3 Rd8 35. Bxc5 bxc5 36. g4 Bc3 0-1

[Event "*** MasterClass Titled Tuesday Blitz"]
[Site "Chess.com"]
[Date "2017.07.04"]
[Round "3"]
[White "Alex_Molchanov"]
[Black "PelinGorki"]
[Result "0-1"]
[WhiteElo "2397"]
[BlackElo "2326"]
[TimeControl "180+2"]
[EndTime "13:37:24 PDT"]
[Termination "PelinGorki won by resignation"]

1. c4 e5 2. Nc3 Nf6 3. g3 d5 4.
cxd5 Nxd5 5. Bg2 Nb6 6. Nf3 Nc6 7. O-O Be6 8. Rb1 f6 9. a3 Qd7 10. b4 O-O-O 11. Na4 Bh3 12. Nc5 Bxc5 13. bxc5 Nd5 14. Qb3 b6 15. cxb6 axb6 16. Bxh3 Qxh3 17. Qa4 Kb7 18. Bb2 h5 19. Rfc1 Rd6 20. Qh4 Qd7 21. d4 g5 22. Qe4 exd4 23. Nxd4 Re8 24. Qc2 Nf4 25. gxf4 Nxd4 26. Bxd4 Rxd4 27. fxg5 fxg5 28. Kh1 Rd2 29. Qb3 Rexe2 30. Qf3+ Ka7 31. Rb4 c5 32. Re4 Rxf2 33. Qe3 Rxh2+ 34. Kg1 Rdg2+ 35. Kf1 Qf5+ 36. Ke1 Rh1+ 0-1

[Event "*** MasterClass Titled Tuesday Blitz"]
[Site "Chess.com"]
[Date "2017.07.04"]
[Round "3"]
[White "Fandorine"]
[Black "charlescandycampbell"]
[Result "1-0"]
[WhiteElo "2658"]
[BlackElo "2122"]
[TimeControl "180+2"]
[EndTime "13:37:27 PDT"]
[Termination "Fandorine won by checkmate"]

1. e4 c6 2. d4 d5 3. exd5 cxd5 4. Bd3 Nc6 5. c3 Qc7 6. Ne2 Bg4 7. O-O e6 8. Qe1 Bh5 9. Nf4 Bg6 10. Nxd5 Qd8 11.
Nf4 Bxd3 12. Nxd3 Nf6 13. Nd2 Bd6 14. Ne4 Nxe4 15. Qxe4 Qc7 16. Bf4 O-O 17. Bxd6 Qxd6 18. Rad1 Rad8 19. Rfe1 Rfe8 20. h3 Qc7 21. Ne5 Nxe5 22.
Qxe5 Qb6 23. Re2 Rd6 24. c4 Qd8 25. d5 Kf8 26. Rde1 b6 27. b3 a5 28. Qh5 h6 29.
Qg4 Qf6 30. Qg3 Rd7 31. Qe3 Qd8 32. Qf4 Kg8 33. dxe6 fxe6 34. Rxe6 Rxe6 35. Rxe6 Rd1+ 36. Kh2 Rd4 37. Re8+ Qxe8 38. Qxd4 Qb8+ 39. g3 Qc7 40. Kg2 Kh7 41. Qe4+ Kg8 42. a3 Kh8 43. b4 axb4 44.
axb4 Qd6 45. Qa8+ Kh7 46. Qe4+ Kh8 47. b5 Qf6 48. Qc6 Qd4 49. c5 bxc5 50. b6 c4 51. b7 c3 52. b8=Q+ Kh7 53. Qb1+ Kg8 54. Qe8# 1-0

[Event "*** MasterClass Titled Tuesday Blitz"]
[Site "Chess.com"]
[Date "2017.07.04"]
[Round "3"]
[White "AllStarShark"]
[Black "aquiles88"]
[Result "1/2-1/2"]
[WhiteElo "2293"]
[BlackElo "2043"]
[TimeControl "180+2"]
[EndTime "13:37:27 PDT"]
[Termination "Game drawn by repetition"]

1. d4 d6 2. e4 g6 3. Nc3 Bg7 4. Be3 Nf6 5. f3 e5 6. d5 c6 7. g4 h6 8. h4 cxd5 9. Nxd5 Nxd5 10. Qxd5 Nc6 11. O-O-O Bf8 12. Bb5 Qc7 13. Ne2 Be6 14. Qd2 a6 15. Ba4 b5 16. Bb3 Rc8 17. Nc3 Na5 18. Nd5 Nxb3+ 19. axb3 Bxd5 20. exd5 Bg7 21. f4 h5 22. fxe5 Bxe5 23. Rhe1 hxg4 24. Bg5 Kf8 25.
Rxe5 dxe5 26. d6 Qd7 27. Be7+ Kg8 28. Qg5 Rh5 29. Qd2 Rf5 30. Qb4 Rf2 31. c3 Qf5 32.
Rd2 Rf1+ 33. Rd1 Rf2 34. Rd2 Rf1+ 35. Rd1 Rf2 36. Rd2 Rf1+ 1/2-1/2

[Event "*** MasterClass Titled Tuesday Blitz"]
[Site "Chess.com"]
[Date "2017.07.04"]
[Round "3"]
[White "SergeiAza"]
[Black "PlotnikovPavel"]
[Result "1-0"]
[WhiteElo "2712"]
[BlackElo "2461"]
[TimeControl "180+2"]
[EndTime "13:37:37 PDT"]
[Termination "SergeiAza won by resignation"]

1. e4 e6 2. d4 d5 3. Nd2 Be7 4. Ngf3 Nf6 5. e5 Nfd7 6. Bd3 c5 7. c3 Nc6 8. O-O cxd4 9. cxd4 Qb6 10. Nb3 a5 11. a4 Nb4 12. Bb5 O-O 13. Bg5 Qd8 14.
h4 h6 15. Bxe7 Qxe7 16. Rc1 Nb8 17. Nc5 b6 18. Nd3 Ba6 19. Nxb4 Qxb4 20. Qd2 Bxb5 21. Qxb4 axb4 22. axb5 Ra5 23. Rc7 Rxb5 24. Rfc1 Na6 25. Rb7 Ra5 26. Rxb6 Ra2 27. h5 Ra8 28. Rcc6 Kh7 29. g4 Ra7 30. Kg2 Nc7 31. Rxb4 R2a6 32. Rxa6 Rxa6 33. Rb7 Rc6 34. b4 Kg8 35. b5 Rc2 36. b6 Ne8 37. Rd7 Kf8 38. b7 Rb2 39.
g5 1-0

[Event "*** MasterClass Titled Tuesday Blitz"]
[Site "Chess.com"]
[Date "2017.07.04"]
[Round "3"]
[White "aspired"]
[Black "Keranke"]
[Result "0-1"]
[WhiteElo "2527"]
[BlackElo "2637"]
[TimeControl "180+2"]
[EndTime "13:37:38 PDT"]
[Termination "Keranke won by resignation"]

1. e4 g6 2. d4 Bg7 3. Nc3 d6 4. Be3 a6 5. Qd2 b5 6. h4 h6 7. a4 b4 8. Nd5 a5 9. h5 g5 10.
f4 gxf4 11. Bxf4 Bb7 12. O-O-O e6 13. Ne3 Bxe4 14. d5 Qf6 15. Nc4 Bxd5 16. Re1 Bxc4 17.
Bxc4 Qxb2+ 18. Kd1 Qa1+ 19. Ke2 Qc3 20. Bb5+ c6 21. Qxd6 cxb5 22. Rd1 Qc8 23. Nf3 Ne7 24. Be5 Nf5 25. Qd3 Qc4 26. Bxg7 Nxg7 27. axb5 Qxd3+ 28. Rxd3 Nf5 29. Rhd1 O-O 30. Ne5 a4 31. Rd8 a3 32. g4 Ne7 33. Rxf8+ Kxf8 34. Rd8+ Kg7 35. b6 a2 36. b7 a1=Q 37. bxa8=Q Qxa8 38. g5 Qe4+ 39. Kd2 Qxe5 40. gxh6+ Kxh6 41. Rxb8 Qxb8 0-1

[Event "*** MasterClass Titled Tuesday Blitz"]
[Site "Chess.com"]
[Date "2017.07.04"]
[Round "3"]
[White "pedromartinez91"]
[Black "mokerslag"]
[Result "0-1"]
[WhiteElo "2311"]
[BlackElo "2482"]
[TimeControl "180+2"]
[EndTime "13:37:45 PDT"]
[Termination "mokerslag won on time"]

1. Nf3 Nf6 2. g3 g6 3. d4 Bg7 4. Bg2 O-O 5. O-O c5 6. d5 b5 7. e4 Nxe4 8. Qe2 Nd6 9. Re1 Re8 10. Nc3 b4 11. Na4 Ba6 12. Qe3 c4 13. Nc5 Qb6 14.
Nxa6 Qxe3 15. Bxe3 Nxa6 16. Nd4 Rab8 17. a3 b3 18. cxb3 cxb3 19. Rac1 Rec8 20. Bf1 Nc5 21. Red1 Na4 22. Rxc8+ Nxc8 23. Rd3 Nc5 24. Rc3 d6 25.
Bc4 a5 26. Rc1 a4 27. Rb1 Nb6 28. Nc6 Rb7 29. Bf1 Nxd5 30. Bxc5 dxc5 31. Bg2 e6 32.
Na5 Rc7 33. Nc4 Bd4 34. Kf1 Kg7 35. Bxd5 exd5 36. Nb6 c4 37. Nxd5 Rd7 38. Ne3 Bxe3 39. fxe3 Rd2 40. Rc1 Rc2 0-1

[Event "*** MasterClass Titled Tuesday Blitz"]
[Site "Chess.com"]
[Date "2017.07.04"]
[Round "3"]
[White "Winehouse83"]
[Black "silverback96"]
[Result "0-1"]
[WhiteElo "2293"]
[BlackElo "2126"]
[TimeControl "180+2"]
[EndTime "13:37:45 PDT"]
[Termination "silverback96 won by resignation"]

1. e4 e6 2. d3 d5 3. Nd2 Nf6 4.
Ngf3 Nc6 5. e5 Nd7 6. d4 f6 7.
exf6 Nxf6 8. c3 Bd6 9. Bd3 O-O 10. O-O e5 11. dxe5 Nxe5 12. Nxe5 Bxe5 13. h3 c6 14. Nf3 Bc7 15. Nd4 Qd6 16. f4 Ne4 17. Bxe4 dxe4 18. Be3 Qg6 19. Qe2 Bxh3 20. Rad1 Bg4 21. Qf2 Bxd1 22. Rxd1 Rad8 23. Rf1 Bb8 24. g3 c5 25. f5 Qg4 26. Ne6 Rxf5 27. Bf4 Re8 28.
Qe3 Rxe6 29. Bxb8 Rxf1+ 30. Kxf1 Rf6+ 31. Ke1 Qf3 32. Bf4 Qxe3+ 33. Bxe3 Rf3 34. Bxc5 Rxg3 35. Bxa7 h5 36. a4 h4 37. Bf2 Rg4 38. Kf1 h3 39. Bg1 e3 40. Bh2 e2+ 41. Kxe2 Rg2+ 42. Kf3 Rxh2 0-1

[Event "*** MasterClass Titled Tuesday Blitz"]
[Site "Chess.com"]
[Date "2017.07.04"]
[Round "3"]
[White "politeplayer"]
[Black "ruvat"]
[Result "0-1"]
[WhiteElo "2165"]
[BlackElo "2270"]
[TimeControl "180+2"]
[EndTime "13:37:49 PDT"]
[Termination "ruvat won by resignation"]

1. e4 d6 2. d4 Nf6 3. Nc3 g6 4.
f4 Bg7 5. Nf3 O-O 6. e5 dxe5 7.
dxe5 Qxd1+ 8. Kxd1 Nh5 9. Bd3 Bg4 10. Nd5 Nc6 11. Bd2 Rad8 12. Nc3 Nd4 13. Rf1 Bh6 14.
Ne2 Nxe2 15. Kxe2 Nxf4+ 16. Bxf4 Bxf4 17. h3 Bxf3+ 18. Rxf3 Bxe5 19. c3 Rd6 20. Raf1 f5 21. Bc4+ Kg7 22. g4 e6 23. Re3 Bf6 24. Rd1 Rxd1 25.
Kxd1 e5 26. gxf5 gxf5 27. Rg3+ Kh6 28. Be6 Bg5 29. Rf3 Bf4 30. h4 b6 31. Kc2 Kh5 32.
Rf1 Rf6 33. Bd7 Kg4 34. Rg1+ Bg3 35. h5 h6 36. a4 Kf3 37. Rf1+ Bf2 38. a5 e4 39. a6 f4 40. c4 e3 41. Bc8 e2 42. Bb7+ c6 0-1

[Event "*** MasterClass Titled Tuesday Blitz"]
[Site "Chess.com"]
[Date "2017.07.04"]
[Round "3"]
[White "Bad4life"]
[Black "stalyansky"]
[Result "0-1"]
[WhiteElo "2280"]
[BlackElo "2250"]
[TimeControl "180+2"]
[EndTime "13:37:55 PDT"]
[Termination "stalyansky won on time"]

1. e4 e5 2. Nf3 Nc6 3. Bc4 Bc5 4. d3 Nf6 5. c3 a6 6. Nbd2 Ba7 7. Nf1 d6 8. Ng3 Be6 9. Bxe6 fxe6 10. Qb3 Qd7 11. Ng5 Nd8 12. Be3 Bxe3 13. fxe3 Ng4 14. Ke2 h6 15.
Nh3 O-O 16. Raf1 Nc6 17. Rf3 d5 18. Rhf1 Rxf3 19. gxf3 Nf6 20. Rg1 Rd8 21. Nf2 b5 22.
Qa3 a5 23. Qc5 b4 24. c4 d4 25. Rf1 a4 26. a3 bxa3 27. Qxa3 dxe3 28. Kxe3 Qd4+ 29.
Ke2 Rb8 30. Nd1 Rb3 31. Qxa4 Qxd3+ 32. Ke1 Nd4 33. Qa8+ Kh7 34. Rf2 Nc2+ 35. Rxc2 Qxc2 36. Qe8 Nxe8 0-1

[Event "*** MasterClass Titled Tuesday Blitz"]
[Site "Chess.com"]
[Date "2017.07.04"]
[Round "3"]
[White "abubakrtagelsir"]
[Black "viggi38"]
[Result "0-1"]
[WhiteElo "2160"]
[BlackElo "2243"]
[TimeControl "180+2"]
[EndTime "13:37:56 PDT"]
[Termination "viggi38 won by resignation"]

1. e4 d5 2. exd5 Qxd5 3. Nc3 Qd6 4. d4 c6 5. Nf3 Bg4 6. Bc4 Nf6 7. O-O Bxf3 8.
Qxf3 Qxd4 9. Bb3 Qg4 10. Qe3 Nbd7 11. h3 Qg6 12. Re1 e6 13. Bxe6 fxe6 14. Qxe6+ Kd8 15. Qb3 Nc5 16. Qc4 Nfd7 17. Bf4 Bd6 18. Bxd6 Qxd6 19. Rad1 b5 20. Qb4 Qf8 21. a4 a5 22. Qd4 b4 23. Ne4 Kc7 24. Ng5 Qf6 25. Ne6+ Kc8 26. Qd6 Ra7 27. Qxc6+ Kb8 28. Nxc5 Qxc6 29. Nxd7+ Rxd7 30.
Rxd7 Qxd7 0-1

[Event "*** MasterClass Titled Tuesday Blitz"]
[Site "Chess.com"]
[Date "2017.07.04"]
[Round "3"]
[White "x-3738459472"]
[Black "Noukii"]
[Result "0-1"]
[WhiteElo "2449"]
[BlackElo "2593"]
[TimeControl "180+2"]
[EndTime "13:37:59 PDT"]
[Termination "Noukii won by resignation"]

1. e4 Nf6 2. Nc3 e5 3. Nf3 Nc6 4. d4 exd4 5. Nxd4 Bc5 6. Nb3 Bb4 7. Bd3 O-O 8. O-O Re8 9. Nd5 Nxd5 10. exd5 Ne5 11. Bf4 Bf8 12. Re1 Nxd3 13. Qxd3 d6 14. Nd4 Bd7 15. h3 Qf6 16. Bg3 a6 17. c3 Rxe1+ 18. Rxe1 Re8 19. Rxe8 Bxe8 20. Qe4 Bd7 21. Bh4 Qe5 22. Qxe5 dxe5 23. Nf3 f6 24. Nd2 Bf5 25. Bg3 Bd3 26. f3 Kf7 27. Bf2 b6 28. c4 Bb4 29.
Be3 Bxd2 30. Bxd2 Bxc4 31. a3 Bxd5 32. Kf2 Ke6 33. Ke3 Bc4 34. g3 Bf1 35. h4 Kd5 36.
Bc3 c5 37. f4 e4 38. g4 b5 39. g5 fxg5 40. fxg5 g6 41. Bg7 Bd3 42. Bf8 Kc4 43. Bg7 a5 44. Bh8 Kb3 45. Kd2 b4 46.
axb4 cxb4 47. Bd4 Bb5 48. Bb6 a4 49. Kc1 a3 50. bxa3 bxa3 51. Bd4 Kc4 0-1

[Event "*** MasterClass Titled Tuesday Blitz"]
[Site "Chess.com"]
[Date "2017.07.04"]
[Round "3"]
[White "Popopuiyt"]
[Black "cstefan"]
[Result "0-1"]
[WhiteElo "2236"]
[BlackElo "2301"]
[TimeControl "180+2"]
[EndTime "13:38:03 PDT"]
[Termination "cstefan won by resignation"]

1. d4 Nf6 2. c4 e6 3. Nc3 Bb4 4. e3 O-O 5. Bd3 c5 6. Nf3 Nc6 7. O-O Bxc3 8. bxc3 d6 9. d5 Ne7 10. Nd2 h6 11. Rb1 b6 12. f4 exd5 13. cxd5 Nexd5 14. Ne4 Nxe4 15. Bxe4 Nxc3 16. Qd3 Nxe4 17.
Qxe4 Ba6 18. Rd1 Re8 19. Qf3 Bc4 20. e4 Qe7 21. Re1 Bd5 22. Bb2 Bxe4 23. Qg3 Qf8 24. Rbd1 d5 25. f5 f6 26. Bc1 Qf7 27. Rf1 Re5 28.
Bxh6 d4 29. Rf4 Kf8 30. Bxg7+ Qxg7 31. Rg4 Qh6 32. Rg8+ Kf7 33. Rxa8 Bxa8 34. Kh1 Qg5 35. Qb3+ Bd5 36. Qh3 Re2 37. Qh7+ Kf8 38. Qh8+ Ke7 39.
Qh7+ Kd6 0-1

[Event "*** MasterClass Titled Tuesday Blitz"]
[Site "Chess.com"]
[Date "2017.07.04"]
[Round "3"]
[White "TregubovP"]
[Black "grzechu96"]
[Result "1-0"]
[WhiteElo "2417"]
[BlackElo "2404"]
[TimeControl "180+2"]
[EndTime "13:38:05 PDT"]
[Termination "TregubovP won by resignation"]

1. d4 Nf6 2. c4 g6 3. g3 Bg7 4. Bg2 d5 5. cxd5 Nxd5 6. e4 Nb6 7. Ne2 c5 8. d5 e6 9. O-O O-O 10. Nbc3 exd5 11. exd5 N8d7 12. d6 Ne5 13. Bf4 Nbc4 14. Ne4 Nxb2 15. Qd5 Nbd3 16. Bg5 Be6 17. Qxb7 f6 18.
Be3 Rb8 19. Qxa7 f5 20. Nxc5 Qxd6 21. Nxe6 Qxe6 22. Nf4 Nxf4 23. Bxf4 Rb2 24. Rad1 Kh8 25. a4 Qa2 26. Qe7 Ng4 27. Ra1 Qc4 28. Rac1 Qd4 29. Rc7 Rxf2 30. Rxf2 Qxf2+ 31. Kh1 Qd4 32. h3 Nf2+ 33.
Kh2 Nd3 34. Bh6 Rg8 35. Rd7 Qe5 36. Bxg7+ Qxg7 37. Qxg7+ Rxg7 38. Rxd3 Ra7 39. Bc6 Ra6 40. Bb5 Ra5 41. Rd6 1-0

[Event "*** MasterClass Titled Tuesday Blitz"]
[Site "Chess.com"]
[Date "2017.07.04"]
[Round "3"]
[White "ChessQueen"]
[Black "Zufi1811"]
[Result "1-0"]
[WhiteElo "2517"]
[BlackElo "2376"]
[TimeControl "180+2"]
[EndTime "13:38:17 PDT"]
[Termination "ChessQueen won by resignation"]

1. e4 d5 2. exd5 Qxd5 3. Nc3 Qd6 4. Nf3 Nf6 5. g3 Bg4 6. Bg2 c6 7. O-O e6 8. h3 Bxf3 9. Qxf3 Nbd7 10. b3 Be7 11. a4 Qc7 12. a5 a6 13. Re1 O-O 14. Ra4 Rfe8 15. Bb2 Rad8 16. d3 Nd5 17. Ne4 N7f6 18. c4 Nxe4 19. dxe4 Nb4 20. Qc3 Bf6 21.
e5 Be7 22. Rxb4 Bxb4 23. Qxb4 Rd3 24. Be4 Rd7 25. Bc2 Red8 26. Qc3 Rd2 27. Bc1 R2d7 28. Be3 c5 29. h4 h6 30. Ra1 Qc6 31. Bf4 Rd4 32. Re1 R8d7 33. Be3 Rg4 34. Bd1 Rxd1 35. Rxd1 Qf3 36. Rd8+ Kh7 37. Qd3+ g6 38. Rd7 Kg7 39.
Bxh6+ 1-0

[Event "*** MasterClass Titled Tuesday Blitz"]
[Site "Chess.com"]
[Date "2017.07.04"]
[Round "3"]
[White "hypert"]
[Black "Iball95"]
[Result "1/2-1/2"]
[WhiteElo "2340"]
[BlackElo "2530"]
[TimeControl "180+2"]
[EndTime "13:38:21 PDT"]
[Termination "Game drawn by agreement"]

1. e4 c5 2. Nf3 Nc6 3. Bb5 d6 4. O-O Bd7 5. Re1 Nf6 6. c3 a6 7. Ba4 b5 8. Bc2 Bg4 9. d3 g6 10. Nbd2 Bg7 11. h3 Bxf3 12. Nxf3 O-O 13. a4 b4 14. Bd2 Nd7 15. Rb1 Rb8 16. Qc1 Qa5 17.
c4 Qc7 18. b3 Nd4 19. Nxd4 Bxd4 20. Bd1 Ne5 21. Be2 Nc6 22. Rf1 Bg7 23. Be3 f5 24.
Kh1 f4 25. Bxf4 Nd4 26. Bd1 Rf7 27. Be3 Rbf8 28. Bg4 h5 29. Bd1 Qd7 30. f4 h4 31.
Bg4 e6 32. Bxd4 Bxd4 33. Rf3 Qe7 34. Qd2 Kg7 35. Rbf1 Rf6 36. Qe1 R6f7 37. g3 hxg3 38. Qxg3 Rh8 39. f5 exf5 40. Bxf5 Rh6 41. Bg4 Rxf3 42.
Qxf3 Be5 43. Be6 g5 44. Bg4 Rf6 45. Qg2 a5 46. Rxf6 Qxf6 47. Qf3 Qxf3+ 48. Bxf3 1/2-1/2

[Event "*** MasterClass Titled Tuesday Blitz"]
[Site "Chess.com"]
[Date "2017.07.04"]
[Round "3"]
[White "Alliswell998"]
[Black "Lord_Neezy"]
[Result "1-0"]
[WhiteElo "2304"]
[BlackElo "2152"]
[TimeControl "180+2"]
[EndTime "13:38:34 PDT"]
[Termination "Alliswell998 won by resignation"]

1. e4 e6 2. d4 d5 3. Nc3 Bb4 4. exd5 exd5 5. Bd3 Ne7 6. a3 Bxc3+ 7. bxc3 Be6 8. Ne2 Qd7 9. Rb1 b6 10. O-O O-O 11. Ng3 Bf5 12. Nxf5 Nxf5 13. Qg4 Nd6 14. Qh4 f5 15. Bf4 Nc6 16. f3 Ne7 17. Qg3 Rad8 18. Rfe1 Ng6 19. Bg5 Rde8 20. h4 f4 21. Qf2 Ne7 22. Bxe7 Rxe7 23. Rxe7 Qxe7 24. Re1 Qf6 25. Re5 g6 26. Qe1 Kf7 27. Rxd5 Re8 28. Re5 Rxe5 29. dxe5 Qe7 30. Kf1 Ne8 31. Qe4 Qxa3 32. Qxf4+ Kg7 33. Bc4 Qe7 34. h5 a5 35.
h6+ Kh8 36. e6 Qf6 37. Qxf6+ Nxf6 38. e7 a4 39. Bf7 a3 40. g4 g5 41. f4 a2 42. Bxa2 Ne8 43. fxg5 Nd6 44. Bf7 1-0

[Event "*** MasterClass Titled Tuesday Blitz"]
[Site "Chess.com"]
[Date "2017.07.04"]
[Round "3"]
[White "wonderfultime"]
[Black "NMJeevanK"]
[Result "1-0"]
[WhiteElo "2657"]
[BlackElo "2343"]
[TimeControl "180+2"]
[EndTime "13:38:44 PDT"]
[Termination "wonderfultime won by resignation"]

1. d4 d5 2. c4 c6 3. Nc3 Nf6 4. e3 dxc4 5. Bxc4 e6 6. Nf3 Be7 7. O-O Nbd7 8. Qe2 Qc7 9. e4 e5 10. Bg5 O-O 11. Rac1 h6 12. Bh4 Qa5 13. Rfd1 Re8 14.
h3 b5 15. Bb3 b4 16. Nb1 Ba6 17. Qe3 exd4 18. Nxd4 Bc5 19. Nd2 Qb6 20. Rxc5 Qxc5 21. Bg3 Qh5 22. Rc1 c5 23. Nf5 c4 24. Bxc4 Bxc4 25.
Rxc4 Nb6 26. Rc5 Qd1+ 27. Kh2 Rad8 28. Nxh6+ Kf8 29. Rc7 Rd7 30. Rxd7 Nbxd7 31. Bd6+ Re7 32. Nf5 Nd5 33. Qd4 N7b6 34. Bxe7+ Ke8 35. exd5 Qe2 36. d6 Kd7 37. Ng3 Qe6 38. Nde4 Qd5 39. Qxg7 Qxa2 40. h4 Qc4 41. h5 Nd5 42. h6 Nf4 43. Qg4+ Ne6 44.
h7 Qc1 45. h8=Q 1-0

[Event "*** MasterClass Titled Tuesday Blitz"]
[Site "Chess.com"]
[Date "2017.07.04"]
[Round "3"]
[White "Vamostodorecto"]
[Black "gmcorrales"]
[Result "0-1"]
[WhiteElo "2330"]
[BlackElo "2611"]
[TimeControl "180+2"]
[EndTime "13:38:45 PDT"]
[Termination "gmcorrales won by checkmate"]

1. d4 Nf6 2. c4 e6 3. Nc3 Bb4 4. e3 d5 5. a3 Bxc3+ 6. bxc3 O-O 7. Bd3 b6 8. cxd5 exd5 9. Ne2 Ba6 10. O-O c5 11. f3 Bxd3 12. Qxd3 Re8 13. Ng3 Nc6 14.
Ra2 Rc8 15. Re2 cxd4 16. cxd4 Re6 17. Bb2 g6 18. e4 Ne7 19. e5 Ne8 20. f4 Ng7 21. Ref2 Qd7 22. f5 Nexf5 23. Nxf5 gxf5 24. Bc1 Rg6 25. Bf4 Qa4 26. Bg3 Qc4 27. Qe3 Qc3 28. Qf4 Rg4 29. Qh6 Rc6 30. Qd2 Qxd4 31. Qe2 Nh5 32.
Rd1 Qe4 33. Qb5 Rc5 34. Qe8+ Kg7 35. Qe7 Rc6 36. Rdf1 Re6 37. Qd8 Qd4 38. Qd7 f4 39.
Qxa7 Reg6 40. Qd7 Nxg3 41. hxg3 Rxg3 42. Kh1 Rh6+ 43. Kg1 f3 44. e6 Rxg2# 0-1

[Event "*** MasterClass Titled Tuesday Blitz"]
[Site "Chess.com"]
[Date "2017.07.04"]
[Round "3"]
[White "ftorodent"]
[Black "Penguininja"]
[Result "1-0"]
[WhiteElo "2511"]
[BlackElo "2323"]
[TimeControl "180+2"]
[EndTime "13:38:50 PDT"]
[Termination "ftorodent won by resignation"]

1. d4 d5 2. c4 c6 3. Nf3 Nf6 4. Nc3 e6 5. e3 Nbd7 6. Qc2 g6 7.
Bd3 Bg7 8. O-O O-O 9. b3 b6 10. Bb2 Bb7 11. Rad1 Qc7 12. Qe2 Rac8 13. Rfe1 Rfe8 14.
e4 dxe4 15. Nxe4 Nxe4 16. Bxe4 Nf6 17. Bb1 c5 18. Ne5 cxd4 19. Bxd4 Rcd8 20. Qb2 Nd7 21. Nxf7 Bxd4 22. Nh6+ Kg7 23. Rxd4 Nf6 24. Ng4 Qe7 25.
Rf4 Rf8 26. Qe5 Rde8 27. h4 h5 28. Nxf6 Rxf6 29. Be4 Bxe4 30. Rexe4 Rf8 31. Rd4 Kh6 32. Qg5+ Kg7 33. g3 e5 34. Rxf6 Rxf6 35. Rd5 Re6 36. Qxe7+ Rxe7 37. Kf1 Kf6 38. Rd6+ Kf5 39. Ke2 Rf7 40. Ke3 Re7 41. Rd5 Kf6 42. Ke4 Ke6 43. Rxe5+ 1-0

[Event "*** MasterClass Titled Tuesday Blitz"]
[Site "Chess.com"]
[Date "2017.07.04"]
[Round "3"]
[White "A-Fier"]
[Black "Yaacovn"]
[Result "1-0"]
[WhiteElo "2560"]
[BlackElo "2672"]
[TimeControl "180+2"]
[EndTime "13:38:57 PDT"]
[Termination "A-Fier won by resignation"]

1. d4 d5 2. c4 c6 3. cxd5 cxd5 4.
Bg5 Nc6 5. Nc3 g6 6. e3 Bg7 7. Bd3 Nf6 8. Nf3 O-O 9. O-O Bg4 10. h3 Bxf3 11. Qxf3 e6 12. Qe2 Qa5 13. a3 Rac8 14.
b4 Qc7 15. Rfc1 Qb8 16. Bf4 Qa8 17. Nb5 a6 18. Nd6 Rcd8 19. b5 axb5 20. Nxb5 Nh5 21.
Bd6 e5 22. Bxf8 Rxf8 23. dxe5 Nxe5 24. Rab1 Rd8 25. Bc2 Nf6 26. Bb3 h5 27. a4 Qa5 28.
Nd4 Ne4 29. Qb5 Qxb5 30. axb5 Nd3 31. Rc2 Rd7 32. Ra1 Kh7 33. Ra8 Bxd4 34. exd4 Nf4 35.
f3 Nc3 36. Kf1 Nxb5 37. Ba4 Rc7 38. Rxc7 Nxc7 39. Ra7 Kg7 40. Rxb7 Nce6 41. Be8 Kf8 42. Bxf7 Nxd4 43. g3 Nxh3 44. Bxd5 Nf5 45. Kg2 Ng5 46. Be4 Ne7 47. Bb1 Nf7 48. f4 Nd6 49. Rb6 Nec8 50. Rc6 Kf7 51. Kh3 Kf6 52. Kh4 Kg7 53.
Bd3 Kf7 54. Kh3 1-0

[Event "*** MasterClass Titled Tuesday Blitz"]
[Site "Chess.com"]
[Date "2017.07.04"]
[Round "3"]
[White "popov_m"]
[Black "vovkcoach"]
[Result "1-0"]
[WhiteElo "2392"]
[BlackElo "2514"]
[TimeControl "180+2"]
[EndTime "13:39:01 PDT"]
[Termination "popov_m won on time"]

1. d4 Nf6 2. Bf4 g6 3. Nf3 Bg7 4. e3 O-O 5. Be2 c5 6. c3 cxd4 7. exd4 b6 8. O-O Bb7 9. Nbd2 d6 10. a4 a6 11. Re1 Nbd7 12. h3 Nd5 13. Bg3 Bh6 14.
Bf1 N7f6 15. Qb3 Nf4 16. a5 b5 17. c4 Rb8 18. cxb5 Bd5 19. Qa3 axb5 20. a6 N6h5 21.
Bh2 e5 22. a7 Ra8 23. dxe5 Nxh3+ 24. gxh3 Rxa7 25. Qxa7 Bxd2 26. Re3 Bxe3 27. Qxe3 dxe5 28. Rd1 Qa8 29. Nxe5 Re8 30. Qd4 Be6 31. Ng4 Bxg4 32.
hxg4 Ng7 33. Bg2 Qa2 34. Qd7 Rf8 35. Qxb5 Ne6 36. Qe2 Qb3 37. Be5 Re8 38. Bc3 Qa4 39. Re1 h6 40. Qe5 Kh7 41. Qf6 Qa7 42. Bd5 1-0

[Event "*** MasterClass Titled Tuesday Blitz"]
[Site "Chess.com"]
[Date "2017.07.04"]
[Round "3"]
[White "merillium"]
[Black "Blitzking4444"]
[Result "0-1"]
[WhiteElo "2326"]
[BlackElo "2245"]
[TimeControl "180+2"]
[EndTime "13:39:02 PDT"]
[Termination "Blitzking4444 won by resignation"]

1. d4 Nf6 2. Nf3 g6 3. g3 Bg7 4. Bg2 d5 5. O-O O-O 6. Nbd2 Nc6 7. b3 b5 8. Bb2 Bb7 9. Rc1 Rb8 10. Ne5 Nxe5 11.
dxe5 Nd7 12. Nf3 Ba8 13. e3 c5 14. Qe2 Qc7 15. c4 dxc4 16. bxc4 b4 17. e6 fxe6 18. Bxg7 Kxg7 19. Ng5 Qe5 20. f4 Qf6 21. Bh3 Rb6 22.
Rcd1 Nb8 23. e4 e5 24. Qg4 exf4 25. Rxf4 Qe5 26. Ne6+ Rxe6 27. Qxe6 Qxe6 28. Bxe6 Rxf4 29. gxf4 Bxe4 30. Bd5 Bf5 31. Bf3 Nd7 32. Kf2 Nb6 33. Be2 Be6 34. Rc1 a5 35. Ke3 a4 36. Rb1 a3 37. Rc1 Kf6 38. Bd3 Na4 39. Bc2 Nc3 40.
Bb3 Bf5 41. Rg1 Bb1 42. h4 Bxa2 43. Bc2 b3 44. Bxb3 Bxb3 45. Kd3 Na4 46. Rb1 a2 47. Ra1 Kf5 48. Rf1 e6 49. Re1 Kxf4 0-1

[Event "*** MasterClass Titled Tuesday Blitz"]
[Site "Chess.com"]
[Date "2017.07.04"]
[Round "3"]
[White "DanielRensch"]
[Black "JeffReinberg"]
[Result "0-1"]
[WhiteElo "2399"]
[BlackElo "2473"]
[TimeControl "180+2"]
[EndTime "13:39:05 PDT"]
[Termination "JeffReinberg won by resignation"]

1. e4 c5 2. Nf3 g6 3. d4 cxd4 4. Nxd4 Nf6 5. Nc3 d6 6. Be3 Bg7 7. f3 O-O 8. Qd2 Nc6 9. O-O-O d5 10.
exd5 Nxd5 11. Nxc6 bxc6 12. Bd4 Nxc3 13. Qxc3 Bh6+ 14.
Be3 Bxe3+ 15. Qxe3 Qb6 16. Qxe7 Be6 17. Qa3 Rfd8 18.
Bd3 Rd5 19. b3 Qf2 20. Rd2 Qe3 21. Rd1 Rad8 22. Kb1 Bf5 23. Re2 Qb6 24. Rde1 Rxd3 25. Re8+ Kg7 26. Qf8+ Kf6 27. Qe7+ Kg7 28. Qf8+ Kf6 29.
Qh8+ Kg5 30. h4+ Kxh4 31. Qf6+ g5 32. Rh1+ Kg3 33. Qxg5+ Kf2 34. Qh4+ Kxg2 35. Rh2+ Kxf3 36. Qh5+ Bg4 37. Qxf7+ Kg3 38. cxd3 Qg1+ 39. Kb2 Qxh2+ 40. Ka3 Rxe8 41. Qxe8 Qf2 42. Qb8+ Qf4 43. Qxa7 h5 44. Qg1+ Kh4 45. d4 Kg5 46. Kb4 h4 47. a4 h3 48. a5 h2 49. Qh1 Bf3 50. Qe1 h1=Q 51. Qe7+ Qf6 52. Qc5+ Bd5 53. a6 Qe1+ 0-1